 Dungeon Crawl Stone Soup version 0.30-a0-322-g102857c98e (webtiles) character file.

Game seed: 13743489663407519064

2354 Lpynelib the Grave Robber (level 9, -8/55 HPs)
             Began as a Demonspawn Necromancer on Oct 27, 2022.
             Was an Initiate of Ru.
             Mangled by an orc warrior
             ... wielding a +0 war axe
              (10 damage)
             ... in a bailey.
             The game lasted 01:12:19 (4335 turns).

Lpynelib the Grave Robber (Demonspawn Necromancer)  Turns: 4335, Time: 01:12:19

Health: -8/55      AC:  9    Str:  8    XL:     9   Next: 20%
Magic:  13/18      EV: 13    Int: 21    God:    Ru [......]
Gold:   523        SH:  0    Dex: 14    Spells: 19/20 levels left

rFire   . . .      SeeInvis +    Q - +2 halberd (vamp)
rCold   . . .      Faith    .    (shield currently unavailable)
rNeg    + . .      Spirit   .    R - +2 robe {Archmagi}
rPois   .          Reflect  .    M - +2 hat
rElec   .          Harm     .    (no cloak)
rCorr   .          Rampage  .    (no gloves)
Will    .....      Archmagi +    (no boots)
Stlth   ++........               t - amulet of the acrobat
HPRegen 0.29/turn                p - ring of positive energy
MPRegen 0.16/turn                N - ring of see invisible

@: hasted, unable to read, very quick
A: hooves 1, slimy green scales 2, spiny 2, frail 1, screaming 1, inability to
read after injury 1
a: Renounce Religion


You were in a bailey.
You worshipped Ru.
Ru was noncommittal.
You visited 2 branches of the dungeon, and saw 8 of its levels.
You also visited: Bailey.

You collected 523 gold pieces.

Inventory:

Hand Weapons
 c - a +0 club
 e - a +0 hand axe
 g - a +0 club
 i - a +0 dagger
 k - a +0 sling
 l - a +0 whip
 q - a +0 dagger
 r - a +0 falchion
 B - a +0 whip
 J - a +1 falchion of holy wrath
 Q - a +2 vampiric halberd (weapon)
Missiles
 j - 65 stones
 w - 4 atropa-tipped darts
 S - 6 javelins
Armour
 a - a +0 robe
 b - a +0 ring mail
 d - a +0 chain mail
 f - a +1 scale mail of poison resistance
 m - a +2 scale mail of willpower
 n - a +0 robe
 o - a +0 buckler
 x - a +1 helmet
 y - a +0 animal skin
 M - a +2 hat (worn)
 R - a +2 robe of the Archmagi (worn)
Jewellery
 p - a ring of positive energy (left hand)
 t - an amulet of the acrobat (around neck)
 N - a ring of see invisible (right hand)
Scrolls
 h - 4 scrolls of vulnerability
 s - 2 scrolls of enchant weapon
 u - a scroll of enchant armour {unknown}
 z - a scroll of silence
 A - 2 scrolls of teleportation {unknown}
 E - a scroll of poison {unknown}
 I - a scroll of amnesia {unknown}
 O - 3 scrolls of noise {unknown}
Potions
 v - a potion of cancellation
 C - a potion of invisibility {unknown}
 D - 2 potions of brilliance {unknown}
 F - 3 potions of flight
 H - 2 potions of heal wounds {unknown}
 K - a potion of haste
 P - a potion of attraction {unknown}


   Skills:
 + Level 2.6 Fighting
 + Level 2.2(4.0) Axes
 + Level 5.0(5.3) Polearms
 + Level 0.9 Ranged Weapons
 + Level 3.1 Armour
 + Level 3.3 Dodging
 + Level 2.3 Stealth
 + Level 6.1 Spellcasting
 + Level 7.7 Necromancy


You had 19 spell levels left.
You knew the following spells:

 Your Spells              Type           Power      Damage    Failure   Level
a - Necrotise             Necr           100%       1d9       1%          1

Your spell library contained the following spells:

 Spells                   Type           Power      Damage    Failure   Level
 Sublimation of Blood     Necr           56%        N/A       1%          2
 Vampiric Draining        Necr           56%        2d10      1%          3
 Animate Dead             Necr           56%        N/A       4%          4
 Agony                    Necr           56%        N/A       11%         5
 Kindle Blastsparks       Fire/Tloc/Air  18%        2d11      28%         3
 Tukima's Dance           Hex            9%         N/A       28%         3
 Fulminant Prism          Conj/Hex       4%         3d6       67%         4
 Iskenderun's Mystic Bla  Conj/Tloc      9%         2d4       67%         4
 Passage of Golubria      Tloc           9%         N/A       67%         4
 Petrify                  Tmut/Erth      9%         N/A       67%         4
 Irradiate                Conj/Tmut      4%         3d13      95%         5
 Lee's Rapid Deconstruct  Erth           4%         3d5*      95%         5
 Yara's Violent Unravell  Hex/Tmut       4%         3d4       95%         5


Dungeon Overview and Level Annotations

Branches:
Dungeon (7/15)             Temple (1/1) D:7          Bailey (1/1)

Altars:
Cheibriados
Dithmenos
Fedhas
Gozag
Hepliaklqana
Kikubaaqudgha
Makhleb
Nemelex Xobeh
Okawaru
Ru
Uskayaw
Vehumet
Wu Jian
Xom
Yredelemnul

Shops:
D:4 :


Innate Abilities, Weirdness & Mutations

You have large cloven feet.
You are mostly covered in slimy green scales. (AC +3)
You are mostly covered in sharp spines.
You are frail. (-10% HP)
You occasionally shout uncontrollably at your foes.
You occasionally lose the ability to read scrolls when taking damage.


Message History

Casting: Necrotise (safe; 1% risk of failure)
Confirm with . or Enter, or press ? or * to list all spells.
Aiming: Necrotise (safe; 1% risk of failure)
Press: ? - help, Shift-Dir - straight line, f/p - orc warrior
Aim: an orc warrior, wielding a +0 hand axe and wearing a +0 ring mail (almost dead, chance to affect: 83%)
You feel a surge of power!
The orc warrior writhes in agony!
You kill the orc warrior!
The dead are walking!
The hobgoblin hits your orc warrior skeleton with a +0 hand axe.
The orc warrior hits you with a +0 war axe.
The orc warrior hits your orc warrior skeleton with a +0 war axe!
You barely miss the orc warrior. Your kick misses the orc warrior.
The orc warrior is severely wounded.
The orc warrior hits you with a +0 war axe.
The orc warrior hits your orc warrior skeleton with a +0 war axe!
The orc warrior hits you with a +0 war axe.
* * * LOW HITPOINT WARNING * * *
The orc warrior barely misses your orc warrior skeleton.
You barely miss the orc warrior.
You kick the orc warrior, but do no damage.
The orc warrior is severely wounded.
Your orc warrior skeleton closely misses the hobgoblin.
The orc warrior misses you.
The orc warrior hits your orc warrior skeleton with a +0 war axe.
You closely miss the orc warrior.
You kick the orc warrior, but do no damage.
The orc warrior is severely wounded.
Your orc warrior skeleton hits the orc warrior but does no damage.
You hit the orc warrior.
You kick the orc warrior, but do no damage.
The orc warrior is severely wounded.
The orc hits your orc warrior skeleton with a +0 hand axe.
Your orc warrior skeleton is destroyed!
The orc warrior hits you with a +0 war axe!
You feel threatened and lose the ability to read scrolls!
* * * LOW HITPOINT WARNING * * *
You feel yourself speed up.
The orc warrior is struck by your spines.
The orc warrior hits you with a +0 war axe!
You die...

### # ###.### #.#
###.....### ##....
##.........###......
#...........#.......
#..........ooog.....
#.....⌠....@#.....⌠.
#...........#o......
#.))........#.......
###.).......###......
###.#'#.....###
##....
###.....###.### ##.#
#.........### ##
...).......#
...).......#


You could see 2 orc warriors, an orc and a hobgoblin.

Vanquished Creatures
  Sigmund (D:6)
  A sky beast (D:7)
  2 black bears
  4 orc warriors (Bailey)
  An ice beast (D:5)
  An ogre (D:6)
  2 centaurs
  A bullfrog (D:6)
  2 necrophages (D:6)
  A scorpion (D:5)
  A howler monkey (D:6)
  An electric eel (D:7)
  6 jellies
  2 hounds
  3 orc priests
  3 iguanas
  Terence (D:2)
  An orc wizard (D:5)
  Robin (D:3)
  6 gnolls
  13 adders
  A shadow imp (D:6)
  A white imp (D:5)
  2 ufetubi
  5 worms
  2 dart slugs
  9 orcs
  3 ball pythons
  4 bats (D:2)
  7 endoplasms
  2 giant cockroaches
  9 hobgoblins
  5 jackals (D:3)
  A quokka (D:2)
  2 frilled lizards (D:1)
  21 goblins
  2 kobolds (D:1)
  8 rats
138 creatures vanquished.

Vanquished Creatures (collateral kills)
  An ice beast (D:5)
  An orc (D:3)
  A goblin (D:3)
  2 hobgoblins
  A jackal (D:3)
  A frilled lizard (D:1)
7 creatures vanquished.

Vanquished Creatures (others)
  An orc warrior (D:5)
  A hound (D:5)
  An adder (D:5)
  An ufetubus (D:5)
  4 plants
  10 withered plants (D:3)
18 creatures vanquished.

Grand Total: 163 creatures vanquished

Notes
Turn   | Place    | Note
-------+----------+-------------------------------------------
     0 | D:1      | Lpynelib the Demonspawn Necromancer began the quest for the
                  | Orb.
     0 | D:1      | Reached XP level 1. HP: 13/13 MP: 3/3
   321 | D:1      | Gained mutation: You are partially covered in sharp spines.
                  | [demonic ancestry]
   321 | D:1      | Reached XP level 2. HP: 19/19 MP: 1/5
   617 | D:2      | Noticed Terence
   626 | D:2      | Killed Terence
   627 | D:2      | Reached skill level 1 in Axes
   627 | D:2      | Reached XP level 3. HP: 19/24 MP: 2/6
   652 | D:2      | Reached skill level 5 in Necromancy
   719 | D:2      | Gained mutation: You are partially covered in slimy green
                  | scales. (AC +2) [demonic ancestry]
   719 | D:2      | Reached XP level 4. HP: 29/30 MP: 2/8
   827 | D:2      | Found a shimmering altar of Xom.
   840 | D:2      | Became a worshipper of Xom the Tricky
  1004 | D:2      | XOM: butterfly on damage
  1131 | D:3      | Reached skill level 1 in Armour
  1241 | D:3      | Reached XP level 5. HP: 35/35 MP: 3/9
  1377 | D:3      | XOM: potion effect (haste)
  1521 | D:3      | Noticed Robin
  1525 | D:3      | XOM: blink monster(s)
  1580 | D:3      | Killed Robin
  1792 | D:4      | Found Pereigu's Book Shoppe.
  2382 | D:5      | XOM: stealth player
  2382 | D:5      | Entered Level 5 of the Dungeon
  2491 | D:5      | XOM: summons 3 hostile demons
  2574 | D:5      | Gained mutation: You are mostly covered in slimy green
                  | scales. (AC +3) [demonic ancestry]
  2574 | D:5      | Reached XP level 6. HP: 22/42 MP: 9/11
  2850 | D:5      | XOM: give mutations
  2850 | D:5      | Gained mutation: You occasionally lose the ability to read
                  | scrolls when taking damage. [Xom's mischief]
  2850 | D:5      | Gained mutation: You occasionally shout uncontrollably at
                  | your foes. [Xom's mischief]
  2850 | D:5      | Gained mutation: You are frail. (-10% HP) [Xom's mischief]
  2850 | D:5      | Gained mutation: You have sharp toenails. [Xom's mischief]
  2870 | D:5      | XOM: summons 1 hostile demon
  2872 | D:5      | Reached skill level 1 in Fighting
  2879 | D:5      | Reached skill level 6 in Necromancy
  2879 | D:5      | Reached XP level 7. HP: 13/43 MP: 4/13
  2911 | D:5      | XOM: butterfly on damage
  2915 | D:5      | XOM: divine lightning
  2916 | D:5      | Reached skill level 1 in Polearms
  3068 | D:5      | Found a sparkling altar of Nemelex Xobeh.
  3079 | D:5      | XOM: enchant monster (bad)
  3302 | D:5      | XOM: silly message
  3352 | D:6      | XOM: noise
  3359 | D:6      | Gained mutation: You are mostly covered in sharp spines.
                  | [demonic ancestry]
  3359 | D:6      | Reached XP level 8. HP: 50/50 MP: 11/15
  3361 | D:6      | Noticed Sigmund
  3361 | D:6      | XOM: 1-stop teleportation journey
  3415 | D:6      | Reached skill level 5 in Spellcasting
  3441 | D:6      | Found a sacrificial altar of Ru.
  3463 | D:6      | Fell from the grace of Xom
  3463 | D:6      | Became a worshipper of Ru the Awakened
  3521 | D:6      | Killed Sigmund
  3538 | D:6      | XOM: draining
  3694 | D:6      | Found an opulent altar of Gozag.
  3739 | D:6      | Reached skill level 7 in Necromancy
  4138 | D:7      | Found a staircase to the Ecumenical Temple.
  4147 | Temple   | Entered the Ecumenical Temple
  4244 | D:7      | Found a flagged portal.
  4254 | Bailey   | Entered a bailey
  4273 | Bailey   | Lost mutation: You have sharp toenails. [demonic ancestry]
  4273 | Bailey   | Gained mutation: You have large cloven feet. [demonic
                  | ancestry]
  4273 | Bailey   | Reached XP level 9. HP: 34/55 MP: 11/17
  4321 | Bailey   | Reached skill level 5 in Polearms
  4334 | Bailey   | HP: 2/55 [orc warrior/+0 war axe (12)]
  4335 | Bailey   | Mangled by an orc warrior

Illustrated notes

Levels and vault maps discovered:
D:1:      eino_arrival_druids_welcome, layout_rooms
D:2:      layout_rooms, basic_altar, minmay_joined_circles, uniq_terence
D:3:      kennysheep_goblin_castle, layout_basic, serial_shops, shop,
          ebering_ecumenical_altar_petrified
D:4:      layout_basic, serial_shops, shop
D:5:      cheibrodos_barr_body, layout_basic,
          chequers_temple_overflow_statue_of_worship
D:6:      layout_cave_pods, overflow_temple_1_default,
          mainiacjoe_overflow_tiny_flanked, minmay_microvault, uniq_sigmund
D:7:      layout_rooms, minmay_temple_entry_junction, enter_bailey_3,
          serial_bayou_ford_a
Temple:   zaba_magenta_temple
Bailey:   bailey_axe_minmay_hex_keep, bailey

Skill      XL: |  1  2  3  4  5  6  7  8  9 |
---------------+----------------------------+-----
Axes           | 1 2 |  2.2
Necromancy     | 5 6 7 |  7.7
Spellcasting   | 3 4 5 6 |  6.1
Armour         | 1 2 3 |  3.1
Dodging        | 2 3 |  3.3
Fighting       | 1 2 |  2.6
Polearms       | 2 4 5 |  5.0
Stealth        | 2 |  2.3
Ranged Weapons | |  0.9

Action                   |  1- 3 |  4- 6 |  7- 9 || total
-------------------------+-------+-------+-------++-------
Melee: Hand axe          |    30 |    81 |       ||   111
       Unarmed           |     1 |       |       ||     1
       Halberd           |       |    28 |   104 ||   132
       Kick              |       |     5 |    31 ||    36
 Fire: Sling             |    10 |       |       ||    10
 Cast: Necrotise         |    31 |    73 |    52 ||   156
  Use: Scroll            |     4 |     9 |     3 ||    16
       Potion            |     1 |    10 |     2 ||    13
Armor: Scale mail        |    33 |    84 |    31 ||   148
       Skin              |       |    61 |       ||    61
       Robe              |       |       |    22 ||    22
Dodge: Dodged            |    25 |    78 |    89 ||   192

Table legend: (Time is in decaauts)
 A = Elapsed time spent in this place.
 B = Non-inter-level travel time spent in this place.
 C = Inter-level travel time spent in this place.
 D = Time resting spent in this place.
 E = Time spent auto-exploring this place.
 F = Levels seen in this place.
 G = Mean time per level.
                   A        B        C        D        E       F      G
               +--------+--------+--------+--------+--------+-----+--------+
         Total |   4389 |   1325 |   3064 |      0 |      0 |   9 |  487.7 |
       Dungeon |   4230 |   1237 |   2993 |      0 |      0 |   7 |  604.3 |
        Temple |     72 |      1 |     71 |      0 |      0 |   1 |   72.0 |
        Bailey |     86 |     86 |      0 |      0 |      0 |   1 |   86.0 |
               +--------+--------+--------+--------+--------+-----+--------+

Top non-repeatable levels by time:
     D:5: 994 daAuts
     D:6: 651 daAuts
     D:3: 647 daAuts
     D:4: 613 daAuts
     D:2: 600 daAuts
     D:1: 529 daAuts
     D:7: 193 daAuts
  Bailey: 86 daAuts
  Temple: 72 daAuts
